 Dungeon Crawl Stone Soup version 0.29.1-4-g47bece8355 (webtiles) character file.

Game seed: 11730588995570504335

1395 ChadusMaximus the Summoner (level 9, -2/57 HPs)
             Began as a Human Summoner on Dec 7, 2022.
             Was a Follower of Yredelemnul.
             Slain by an orc warrior
             ... wielding a +0 mace
              (13 damage)
             ... on level 6 of the Dungeon.
             The game lasted 00:11:04 (7208 turns).

ChadusMaximus the Summoner (Human Summoner)         Turns: 7208, Time: 00:11:04

Health: -2/57      AC:  5    Str:  8    XL:     9   Next: 0%
Magic:  21/26      EV: 12    Int: 19    God:    Yredelemnul [*.....]
Gold:   312        SH:  0    Dex: 15    Spells: 9/19 levels left

rFire   . . .      SeeInvis .   A - +1 spear (venom)
rCold   . . .      Faith    .   (no shield)
rNeg    . . .      Spirit   .   G - +1 leather armour {rPois}
rPois   +          Reflect  .   (no helmet)
rElec   .          Harm     .   (no cloak)
rCorr   .          Rampage  .   (no gloves)
Will    .....                   m - +0 pair of boots
Stlth   ++........              (no amulet)
HPRegen 0.19/turn               q - ring of magical power
MPRegen 0.20/turn               w - ring of flight

@: flying
A: no striking features
a: Renounce Religion, Recall Undead Harvest


You were on level 6 of the Dungeon.
You worshipped Yredelemnul.
Yredelemnul was noncommittal.
You visited 2 branches of the dungeon, and saw 7 of its levels.
You also visited: Sewer.

You collected 312 gold pieces.

Inventory:

Hand Weapons
 h - a +0 short sword
 l - a +0 spear
 s - a +1 scythe
 A - a +1 spear of venom (weapon)
Armour
 a - a +0 robe
 m - a +0 pair of boots (worn)
 G - a +1 leather armour of poison resistance (worn)
Jewellery
 i - a +4 ring of slaying
 p - a ring of ice
 q - a ring of magical power (left hand)
 r - an amulet of magic regeneration
 w - a ring of flight (right hand)
 x - an amulet of reflection
 I - a ring of protection from fire
Wands
 y - a wand of flame (9)
 z - a wand of roots (7)
Scrolls
 c - a scroll of amnesia
 d - 2 scrolls of enchant weapon
 g - 4 scrolls of butterflies
 k - 2 scrolls of immolation
 n - 2 scrolls of fear
 u - a scroll of summoning
 D - a scroll of enchant armour {unknown}
 E - a scroll of teleportation {unknown}
 F - 2 scrolls of poison {unknown}
 J - 2 scrolls of brand weapon {unknown}
Potions
 b - a potion of magic
 e - a potion of ambrosia {unknown}
 f - 3 potions of curing
 j - 2 potions of haste {unknown}
 o - 2 potions of attraction {unknown}
 t - 2 potions of brilliance {unknown}
 v - 2 potions of lignification {unknown}
 B - 2 potions of heal wounds
 C - 3 potions of mutation {unknown}
 H - a potion of berserk rage {unknown}


   Skills:
 - Level 3.6 Dodging
 - Level 3.8 Stealth
 + Level 5.5 Spellcasting
 * Level 8.5 Summonings


You had 9 spell levels left.
You knew the following spells:

 Your Spells              Type           Power      Damage    Failure   Level
a - Summon Small Mammal   Summ           100%       N/A       1%          1
b - Call Canine Familiar  Summ           37%        N/A       1%          3
c - Call Imp              Summ           37%        N/A       1%          2
d - Summon Lightning Spi  Summ/Air       21%        N/A       30%         4

Your spell library contained the following spells:

 Spells                   Type           Power      Damage    Failure   Level
 Summon Guardian Golem    Hex/Summ       21%        N/A       9%          3
 Necrotise                Necr           20%        1d5       17%         1
 Sting                    Tmut/Pois      20%        1d4       17%         1
 Poisonous Vapours        Pois/Air       10%        N/A       26%         2
 Ignite Poison            Fire/Tmut/Pois 5%         N/A       45%         3
 Mephitic Cloud           Conj/Pois/Air  5%         N/A       45%         3
 Vampiric Draining        Necr           5%         2d6       45%         3
 Olgreb's Toxic Radiance  Pois           5%         N/A       86%         4
 Agony                    Necr           5%         N/A       99%         5
 Freezing Cloud           Conj/Ice/Air   2%         6-21      99%         5


Dungeon Overview and Level Annotations

Branches:
Dungeon (6/15)             Temple (1/1) D:4           Sewer (visited)

Altars:
Cheibriados
Elyvilon
Fedhas
Gozag
Kikubaaqudgha
Nemelex Xobeh
Okawaru
Qazlal
Sif Muna
Trog
Uskayaw
Wu Jian
Xom
Yredelemnul
Zin
The Shining One


Message History

No target in view!
You now have 312 gold pieces (gained 18).
An orc warrior comes into view. It is wielding a +0 mace.
An orc warrior is nearby!
An orc priest comes into view. It is wielding a +0 hand axe.
The orc priest moves out of view.
An orc warrior is nearby!
An orc warrior is nearby!
You closely miss the orc warrior.
The orc warrior shouts!
You hear a shout!
The orc warrior barely misses you.
The orc priest shouts!
You hit the orc warrior but do no damage.
The orc warrior is poisoned.
The orc warrior misses you. x2
The orc priest invokes the aid of Beogh against you.
Beogh smites you!
You hear an angry hiss.
You hit the orc warrior but do no damage.
The orc warrior looks as sick as possible!
A water moccasin comes into view.
An orc comes into view. It is wielding a +0 flail.
The orc warrior misses you.
There are monsters nearby!
Casting: Call Imp (safe; 1% risk of failure)
Confirm with . or Enter, or press ? or * to list all spells.
The orc priest mumbles some strange prayers to Beogh against you.
Beogh smites you!
The orc warrior hits you with a +0 mace!
Your wolf closely misses the orc warrior.
Casting: Call Canine Familiar (safe; 1% risk of failure)
Confirm with . or Enter, or press ? or * to list all spells.
A shadowy apparition takes form in the air.
Your orc wizard zombie hits the orc warrior but does no damage.
Your wolf completely misses the orc warrior.
The orc priest invokes the aid of Beogh against you.
Beogh smites you!
* * * LOW HITPOINT WARNING * * *
The orc warrior hits you with a +0 mace!
You die...
Your body rises from the dead as a mindless zombie.

#...#...##......###
#........#####..## #...
#.........# #...##
#...##.........####.#..#
#...#..........#....###
#...#................##
#.........5....###...######
#............Z..###.Z#....##
#..........@Z..# ##ZZ.....##
#.........ho...# #.........#
##
##.......S....####..........
.## ##..#.....o....#
#...........
..###..###...o...###
#........... ...[..##
##...#### #...........
.....## ##...# ##..........
......# ##...# #..........
........# ##... ##.........


You could see an orc warrior (very poisoned, ally target), a water moccasin, an
orc priest, an orc, a friendly wolf (summoned), a friendly shadow imp (summoned)
and 2 friendly orc wizard zombies.

Vanquished Creatures
  7 kobold brigands (Sewer)
  A hound (D:4)
  An orc wizard (D:6)
  Natasha (D:2)
  11 adders
  A river rat (Sewer)
  A white imp (D:4)
  2 worms (Sewer)
  3 dart slugs
  3 orcs
  5 bats
  8 endoplasms
  7 giant cockroaches
  9 goblins
  4 hobgoblins (D:1)
  7 quokkas
  9 ball pythons
  5 frilled lizards
  5 kobolds
  6 rats
96 creatures vanquished.

Vanquished Creatures (collateral kills)
  Sigmund (D:3)
  An ogre (D:5)
  Blork the orc (D:4)
  A necrophage (D:4)
  An orc priest (D:4)
  Ijyb (D:4)
  An iguana (D:2)
  Natasha (D:2)
  An orc wizard (D:4)
  Robin (D:3)
  3 adders
  A white imp (D:6)
  A worm (D:3)
  8 dart slugs
  7 orcs
  3 ball pythons
  4 endoplasms
  A giant cockroach (D:2)
  7 goblins
  4 hobgoblins
  5 kobolds
  A quokka (D:1)
  2 bats
  A rat (Sewer)
58 creatures vanquished.

Vanquished Creatures (others)
  A wizard (D:4)
  An orc wizard (D:6)
  2 bat zombies (D:3)
  A goblin (D:3)
  3 ball python zombies
  A hobgoblin zombie (D:3)
  A rat zombie (Sewer)
10 creatures vanquished.

Grand Total: 164 creatures vanquished

Notes
Turn   | Place    | Note
-------+----------+-------------------------------------------
     0 | D:1      | ChadusMaximus the Human Summoner began the quest for the
                  | Orb.
     0 | D:1      | Reached XP level 1. HP: 13/13 MP: 3/3
   117 | D:1      | Reached XP level 2. HP: 19/19 MP: 1/5
   232 | D:1      | Found a faded altar of an unknown god.
   580 | D:1      | Reached XP level 3. HP: 24/24 MP: 6/6
   953 | D:2      | Learned a level 3 spell: Call Canine Familiar
   956 | D:2      | Learned a level 2 spell: Call Imp
   981 | D:2      | Noticed Natasha
   988 | D:2      | Killed Natasha
   989 | D:2      | Reached XP level 4. HP: 15/30 MP: 1/7
  1728 | D:2      | Noticed Natasha
  1741 | D:2      | Killed Natasha
  1742 | D:2      | Reached XP level 5. HP: 18/35 MP: 3/9
  2518 | D:3      | Noticed Sigmund
  2531 | D:3      | Killed Sigmund
  2532 | D:3      | Reached skill level 5 in Summonings
  2532 | D:3      | Reached XP level 6. HP: 37/41 MP: 2/11
  2706 | D:3      | Noticed Robin
  3037 | D:4      | Found a bloodstained altar of Trog.
  3054 | D:4      | Reached XP level 7. HP: 37/46 MP: 5/12
  3461 | D:4      | Noticed Ijyb
  3470 | D:4      | Killed Ijyb
  3471 | D:4      | Reached skill level 6 in Summonings
  3645 | D:4      | Found a staircase to the Ecumenical Temple.
  3657 | Temple   | Entered the Ecumenical Temple
  3761 | Temple   | Became a worshipper of Yredelemnul the Dark
  3902 | D:4      | Noticed Blork the orc
  3915 | D:4      | Killed Blork the orc
  4075 | D:4      | Noticed a wizard
  4078 | D:4      | Killed a wizard
  4286 | D:3      | Killed Robin
  4289 | D:3      | Reached * piety under Yredelemnul
  4657 | D:3      | Found a sparkling altar of Nemelex Xobeh.
  5113 | D:4      | Learned a level 4 spell: Summon Lightning Spire
  5114 | D:5      | Entered Level 5 of the Dungeon
  5220 | D:5      | Reached XP level 8. HP: 25/52 MP: 14/14
  5341 | D:6      | Reached skill level 7 in Summonings
  5342 | D:6      | Found a glowing drain.
  5388 | Sewer    | Entered a sewer
  5807 | Sewer    | Reached ** piety under Yredelemnul
  5840 | Sewer    | Reached skill level 5 in Spellcasting
  6084 | Sewer    | Reached skill level 8 in Summonings
  6467 | Sewer    | Reached *** piety under Yredelemnul
  6787 | D:6      | Reached XP level 9. HP: 14/57 MP: 17/17
  7108 | D:6      | Found a glowing silver altar of Zin.
  7108 | D:6      | Found an opulent altar of Gozag.
  7208 | D:6      | Slain by an orc warrior

Illustrated notes

Levels and vault maps discovered:
D:1:      wander_arrival_peaceful_grave, layout_loops_ring,
          shapermc_ecumenical_altar_ellora, minmay_pentomino_r4
D:2:      layout_basic, uniq_natasha
D:3:      layout_basic, nemelex_altar_shiori, nicolae_kite_square_tiling_tiny,
          minivault_27, uniq_sigmund, uniq_robin
D:4:      kennysheep_slugbush, layout_rooms, trog_wizard,
          minmay_temple_entry_junction, minmay_circle_x, uniq_ijyb,
          uniq_blork_the_orc
D:5:      layout_rooms, lemuel_tele_altar, mainiacjoe_overflow_alcove_4
D:6:      layout_cave_pods, grunt_temple_overflow_gold_and_silver,
          gup_sewer_entry_glass
Temple:   nicolae_temple_godzebo

Skill      XL: |  1  2  3  4  5  6  7  8 |
---------------+-------------------------+-----
Stealth        | 3 |  3.8
Dodging        | 3 |  3.6
Spellcasting   | 3 4 5 |  5.5
Summonings     | 5 6 8 |  8.5

Action                   |  1- 3 |  4- 6 |  7- 9 || total
-------------------------+-------+-------+-------++-------
Melee: Short sword       |    26 |       |       ||    26
       Spear             |     3 |    59 |   224 ||   286
       Halberd           |       |    26 |     7 ||    33
       Punch             |       |       |     3 ||     3
 Cast: Summon Small Mamm |     8 |    11 |    17 ||    36
       Call Canine Famil |     1 |    11 |    18 ||    30
       Call Imp          |     1 |     5 |    11 ||    17
  Use: Scroll            |       |     1 |     5 ||     6
       Potion            |       |     1 |       ||     1
 Stab: Sleeping          |     3 |     6 |     6 ||    15
       Distracted        |     1 |       |     4 ||     5
Armor: Robe              |     1 |    19 |    11 ||    31
       Leather armour    |       |       |    36 ||    36
Dodge: Dodged            |    29 |    62 |   104 ||   195
